Map: Kairos Junction LE

Players

FishBrain

  • Race: Zerg Zerg
  • League: Master
  • Spawn Location: 5:00

Mez - Winner!

  • Race: Terran Terran
  • League: Master
  • Spawn Location: 11:00

VOD

Have the link to the VOD?

Description

Time

  • Played on: July 30, 2019, 12:55 p.m.
  • Length: 11:55
Show
View Real Time Build Order
Export as new Build Order

FishBrain Zerg 

Build Orders: Hatch First 

Get SALT Encoding   

  12  0:01  Drone  
  13  0:08  Drone  
  14  0:14  Extractor  
  14  0:16  Drone  
  15  0:25  Overlord  
  15  0:44  Drone  
  15  0:45  Drone  
  17  0:54  Hatchery  
  16  0:58  Drone  
  16  1:02  Drone  
  18  1:13  Extractor  
  18  1:18  Spawning Pool  
  16  1:30  Drone x3  
  19  1:44  Overlord  
  19  1:55  Drone  
  20  2:06  Zergling x2, Queen  
  20  2:07  Zergling x2  
  20  2:08  Queen  
  26  2:15  Drone  
  27  2:20  Drone  
  28  2:27  Spore Crawler  
  27  2:38  Drone x2  
  27  2:39  Drone  
  27  2:40  Metabolic Boost  
  27  2:43  Queen x2  
  34  2:55  Overlord, Drone x2  
  36  3:26  Drone x2  
  36  3:27  Drone x5  
  39  3:28  Drone  
  39  3:29  Overlord x3  
  44  3:43  Hatchery  
  43  3:54  Zergling x6  
  43  3:55  Zergling x2  
  47  4:03  Extractor  
  47  4:06  Drone x4, Roach Warren  
  47  4:07  Drone x2  
  53  4:13  Overlord  
  52  4:24  Drone x2  
  52  4:27  Extractor  
  52  4:28  Lair  
  52  4:30  Drone x3  
  55  4:33  Drone x2  
  55  4:35  Drone x2  
  59  4:57  Roach x3  
  65  5:13  Overlord x6  
  65  5:14  Overlord x2  
  65  5:26  Hatchery  
  62  5:40  Roach  
  62  5:41  Roach x6  
  76  5:47  Extractor  
  76  5:49  Roach  
  77  6:04  Hatchery  
  76  6:12  Roach x8  
  76  6:17  Baneling Nest  
  91  6:19  Burrow  
  91  6:23  Ravager x2  
  91  6:24  Ravager  
  62  7:02  Roach x9  
  62  7:03  Roach x3  
  62  7:05  Zergling x4  
  62  7:06  Zergling x10  
  89  7:21  Roach  
  89  7:22  Roach x3  
  97  7:25  Zergling x4  
  99  7:36  Roach x4  
  103  7:50  Baneling x5  
  103  7:53  Roach x4  
  105  8:01  Zergling x2  
  105  8:02  Zergling x22  
  84  8:17  Roach  
  84  8:18  Roach x6  
  91  8:26  Baneling  
  88  8:27  Baneling x5  
  82  8:51  Roach  
  82  8:52  Zergling x22  
  95  9:05  Drone x3  
  95  9:06  Evolution Chamber  
  95  9:08  Evolution Chamber  
  89  9:15  Baneling  
  89  9:16  Baneling x21  
  77  9:40  Zergling x2  
  77  9:41  Zergling x30  
  88  9:51  Centrifical Hooks  
  80  10:17  Roach  
  80  10:18  Roach x8  
  95  10:33  Drone  
  96  10:38  Overlord x2  
  96  10:39  Overlord  
  85  10:54  Zergling x2  
  85  10:55  Zergling x18  
  89  11:09  Roach x15  
  83  11:20  Baneling  
  83  11:21  Baneling x11  
  82  11:34  Drone x2  
  82  11:35  Drone x7  
Show
View Real Time Build Order
Export as new Build Order

Mez Terran - Winner!

Build Orders: Reaper Expand 

Get SALT Encoding   

  12  0:00  SCV  
  13  0:13  SCV  
  14  0:17  Supply Depot  
  14  0:25  SCV  
  15  0:38  SCV  
  15  0:40  Barracks  
  16  0:44  Refinery  
  16  0:50  SCV  
  17  1:02  SCV  
  18  1:18  SCV  
  19  1:29  Reaper  
  19  1:30  Orbital Command  
  20  1:45  Command Center  
  20  1:55  Barracks  
  20  1:56  SCV  
  21  2:04  Barracks Reactor  
  21  2:09  Barracks  
  21  2:18  SCV  
  21  2:19  Supply Depot  
  22  2:40  SCV  
  23  2:47  Marine x2  
  23  2:48  Barracks Tech Lab  
  25  2:52  SCV  
  25  2:57  Marine  
  27  2:58  Orbital Command  
  27  3:04  SCV  
  28  3:05  Marine  
  28  3:06  Marine  
  28  3:10  Combat Shield  
  28  3:11  Marine  
  31  3:14  Marine  
  31  3:16  SCV  
  33  3:28  SCV  
  33  3:32  Marine x3  
  33  3:33  SCV  
  38  3:39  Supply Depot  
  38  3:40  SCV  
  39  3:44  Engineering Bay  
  39  3:45  SCV  
  39  3:47  Marine  
  40  3:52  SCV, Marine x3  
  44  3:57  SCV  
  45  4:04  SCV, Supply Depot  
  45  4:06  Marine  
  45  4:09  Marine x2  
  48  4:10  SCV  
  48  4:12  Terran Infantry Weapons Level 1  
  48  4:17  SCV  
  51  4:22  SCV, Marine  
  53  4:24  Marine  
  53  4:28  Supply Depot  
  53  4:29  SCV  
  53  4:31  Stimpack  
  55  4:34  SCV, Marine x2  
  58  4:40  Marine  
  58  4:41  SCV  
  58  4:42  Marine  
  58  4:45  Factory  
  61  4:46  SCV  
  61  4:51  Marine  
  63  4:53  SCV  
  63  4:58  SCV  
  63  4:59  Command Center  
  65  5:04  Barracks  
  65  5:05  Refinery, SCV, Barracks  
  66  5:10  SCV  
  66  5:12  Refinery  
  67  5:18  Marine x2  
  67  5:19  Marine  
  70  5:22  Barracks Reactor  
  69  5:36  SCV  
  70  5:42  Marine x2  
  70  5:43  SCV  
  70  5:44  Supply Depot x2  
  70  5:46  Marine  
  73  5:50  Starport, Factory Reactor  
  73  5:55  Barracks Reactor  
  73  5:56  Barracks Reactor  
  72  5:57  SCV  
  72  5:58  SCV  
  72  6:00  Marine  
  75  6:07  Marine x3  
  75  6:08  Marauder  
  75  6:10  Supply Depot  
  75  6:11  Supply Depot  
  80  6:12  Orbital Command  
  80  6:13  Supply Depot  
  80  6:15  SCV x2  
  80  6:17  Terran Infantry Armor Level 1  
  82  6:23  Marine  
  83  6:28  Supply Depot  
  83  6:33  Medivac x2  
  83  6:34  Marine  
  83  6:35  Marine x7  
  83  6:36  Orbital Command  
  83  6:39  Supply Depot  
  95  6:40  Supply Depot  
  95  6:41  SCV  
  95  6:42  SCV  
  85  7:05  Medivac x2  
  89  7:09  SCV x2, Marine x8  
  89  7:12  Marauder  
  89  7:13  Concussive Shells  
  89  7:14  SCV  
  102  7:21  SCV x2  
  104  7:26  SCV  
  104  7:27  Supply Depot  
  105  7:31  Armory, Supply Depot  
  105  7:32  Engineering Bay  
  105  7:33  SCV  
  105  7:34  Marine  
  105  7:35  Marine x8  
  115  7:37  Supply Depot  
  115  7:42  Medivac  
  117  7:52  Marine x2  
  117  7:55  Marine x7  
  119  8:10  Marine x2  
  119  8:11  Medivac  
  119  8:12  Marine, Medivac  
  124  8:13  Marine x6  
  110  8:28  Marine x2  
  110  8:30  Marine  
  110  8:33  Terran Infantry Weapons Level 2  
  113  8:35  Barracks x2  
  113  8:36  Barracks  
  113  8:38  Command Center  
  113  8:55  Marine x8, Marauder  
  123  9:03  Medivac  
  123  9:06  Terran Infantry Armor Level 2  
  125  9:13  Marine x6  
  133  9:17  Marauder  
  133  9:31  Marine x7  
  134  9:38  Marauder  
  134  9:43  Barracks Reactor, Barracks Tech Lab x2  
  134  9:44  Marine  
  129  9:49  Marine x2  
  129  9:55  Marine x5  
  129  9:59  Marauder  
  133  10:01  Command Center  
  133  10:02  Marine  
  133  10:07  Marine  
  133  10:08  Marine x3  
  137  10:16  Supply Depot  
  137  10:21  Marauder  
  137  10:26  Marauder  
  137  10:27  Marine x10, Marauder  
  151  10:34  Planetary Fortress  
  151  10:36  SCV x3  
  151  10:42  Marauder  
  149  10:45  Marine x4  
  149  10:48  SCV x3, Marauder x2  
  141  10:51  Marine x4  
  141  10:52  Marine  
  146  11:04  Marine x3, Marauder  
  148  11:05  Marine x2  
  148  11:09  Marine x6, Marauder  
  161  11:15  Orbital Command  
  161  11:17  Command Center  
  159  11:22  Marine  
  159  11:25  Marauder  
  159  11:27  Marauder  
  159  11:29  Supply Depot  
  159  11:30  Marine x9  
  159  11:31  Marauder  
Tags
 
Add a new tag
Caveats
  • Supply blocks, unpowered buildings, or Contaminate may cause inaccurate times.
  • Supply counts are checked every 10 seconds.